NCAA
ILLINOIS FIGHTING ILLINI @ WAKE FOREST DEMON DEACONS
04/08/2027
 
TOP OF THE 1ST
Illinois Fighting Illini batting - Pitching for Wake Forest Demon Deacons : RHP Steve Pérez
Pitching: RHP Steve Pérez
Batting: RHB Chris Carr 0-0: Ball
1-0: Ball
2-0: Ground out 6-3 (Groundball, 6)
Batting: RHB Jon Foster 0-0: SINGLE (Line Drive, 4D)
Batting: RHB Benoît Vigneault 0-0: Ball
1-0: Called Strike
1-1: Called Strike
Jon Foster is caught stealing 2nd base
1-2: Strikes out swinging
Top of the 1st over - 0 run(s), 1 hit(s), 0 error(s), 0 left on base; Illinois 0 - Wake Forest 0
BOTTOM OF THE 1ST
Wake Forest Demon Deacons batting - Pitching for Illinois Fighting Illini : LHP José Vera
Pitching: LHP José Vera
Batting: RHB Leonard Conway 0-0: Foul Ball, location: 2F
0-1: Swinging Strike
0-2: Fly out, F8 (Flyball, 89M)
Batting: RHB Felipe Costa 0-0: Ground out 5-3 (Groundball, 5L)
Batting: RHB Ed Hamilton 0-0: Ball
1-0: Ball
2-0: Foul Ball, location: 2F
2-1: Ball
3-1: Base on Balls
Batting: RHB Andrew Ford 0-0: Ball
1-0: Ball
Passed Ball!
Ed Hamilton to second
2-0: Ground out 6-3 (Groundball, 6)
Bottom of the 1st over - 0 run(s), 0 hit(s), 0 error(s), 1 left on base; Illinois 0 - Wake Forest 0
TOP OF THE 2ND
Illinois Fighting Illini batting - Pitching for Wake Forest Demon Deacons : RHP Steve Pérez
Batting: LHB John Miller 0-0: Ball
1-0: Called Strike
1-1: Called Strike
1-2: Strikes out swinging
Batting: RHB Jesús Vélez 0-0: Called Strike
0-1: Swinging Strike
0-2: Ball
1-2: Foul Ball, location: 2F
1-2: Foul Ball, location: 2F
1-2: SINGLE (Flyball, 89S)
Batting: RHB Alonso Durán 0-0: Ball
1-0: Swinging Strike
1-1: Ball
Jesús Vélez is caught stealing 2nd base
2-1: Foul Ball, location: 2F
2-2: Ground out 4-3 (Groundball, 4)
Top of the 2nd over - 0 run(s), 1 hit(s), 0 error(s), 0 left on base; Illinois 0 - Wake Forest 0
BOTTOM OF THE 2ND
Wake Forest Demon Deacons batting - Pitching for Illinois Fighting Illini : LHP José Vera
Batting: RHB Roger Blair 0-0: Reached on error, E8 (Line Drive, 8RM)
Batting: LHB Josh Domínguez 0-0: SINGLE (Groundball, 4S) (infield hit)
Roger Blair to third
Batting: SHB Dave Bell 0-0: Called Strike
0-1: Foul Ball, location: 2F
0-2: Ball
1-2: Foul Ball, location: 2F
1-2: Ball
2-2: Ball
3-2: Fly out, F9 (Flyball, 9LSF)
Runner from 3rd tags up, SCORES, no throw
Batting: RHB Wilbert Bernard 0-0: Ball
1-0: Called Strike
1-1: Foul Ball, location: 2F
1-2: Strikes out swinging
Batting: SHB José Salazar 0-0: Called Strike
0-1: Ball
1-1: Foul Ball, location: 2F
1-2: Ball
2-2: Strikes out looking
Bottom of the 2nd over - 1 run(s), 1 hit(s), 1 error(s), 1 left on base; Illinois 0 - Wake Forest 1
TOP OF THE 3RD
Illinois Fighting Illini batting - Pitching for Wake Forest Demon Deacons : RHP Steve Pérez
Batting: RHB Fernando Núñez 0-0: Ball
1-0: Ball
2-0: SINGLE (Flyball, 9S)
Batting: RHB Ryan Draper 0-0: Ball
1-0: Foul Ball, location: 2F
1-1: Ball
2-1: Foul Ball, location: 2F
2-2: Ball
3-2: Foul Ball, location: 2F
3-2: Foul Ball, location: 2F
3-2: Foul Ball, location: 2F
3-2: Fly out, F3 (Popup, 3S)
Batting: SHB Stanley Ryan 0-0: Ball
1-0: Called Strike
1-1: Fly out, F8 (Flyball, 8RM)
Batting: RHB Chris Carr 0-0: Ball
1-0: Ball
Fernando Núñez steals 2nd base
2-0: Foul Ball, location: 2F
2-1: Foul Ball, location: 2F
2-2: Ball
3-2: Ground out 5-3 (Groundball, 56)
Top of the 3rd over - 0 run(s), 1 hit(s), 0 error(s), 1 left on base; Illinois 0 - Wake Forest 1
BOTTOM OF THE 3RD
Wake Forest Demon Deacons batting - Pitching for Illinois Fighting Illini : LHP José Vera
Batting: RHB Leonard Conway 0-0: Ball
1-0: Foul Ball, location: 2F
1-1: Ball
2-1: Swinging Strike
2-2: Ball
3-2: Base on Balls
Batting: RHB Felipe Costa 0-0: Called Strike
0-1: Ball
1-1: Foul Ball, location: 2F
1-2: Foul Ball, location: 2F
1-2: Ball
2-2: Foul Ball, location: 2F
2-2: Ball
3-2: Base on Balls
Leonard Conway to second
Batting: RHB Ed Hamilton 0-0: Called Strike
0-1: Ground out 4-3 (Groundball, 4M)
Leonard Conway to third
Felipe Costa to second
Batting: RHB Andrew Ford 0-0: Ball
1-0: Called Strike
1-1: Foul Ball, location: 2F
1-2: Ball
2-2: Ball
3-2: Base on Balls
Batting: RHB Roger Blair 0-0: Called Strike
0-1: Called Strike
0-2: Foul Ball, location: 2F
0-2: Ball
1-2: Foul Ball, location: 2F
1-2: Foul Ball, location: 2F
1-2: Ball
2-2: Strikes out swinging
Batting: LHB Josh Domínguez 0-0: Ball
1-0: DOUBLE (Line Drive, 9LM)
Leonard Conway scores
Felipe Costa scores
Andrew Ford to third
Runner from 3rd tries for Home, SAFE, no throw
Batting: SHB Dave Bell 0-0: Ball
1-0: Ball
2-0: Foul Ball, location: 2F
2-1: Ball
3-1: Base on Balls
Batting: RHB Wilbert Bernard 0-0: Ball
1-0: Ball
2-0: Foul Ball, location: 2F
2-1: Fielders Choice at 2nd, 6-4 (Groundball, 6)
Bottom of the 3rd over - 3 run(s), 1 hit(s), 0 error(s), 1 left on base; Illinois 0 - Wake Forest 4
TOP OF THE 4TH
Illinois Fighting Illini batting - Pitching for Wake Forest Demon Deacons : RHP Steve Pérez
Batting: RHB Jon Foster 0-0: Called Strike
0-1: SINGLE (Line Drive, 5S)
Batting: RHB Benoît Vigneault 0-0: SINGLE (Groundball, 25) (infield hit)
Jon Foster to second
Batting: LHB John Miller 0-0: Called Strike
0-1: Swinging Strike
0-2: Strikes out swinging
Batting: RHB Jesús Vélez 0-0: Grounds into double play, 6-4-3 (Groundball, 56)
Top of the 4th over - 0 run(s), 2 hit(s), 0 error(s), 1 left on base; Illinois 0 - Wake Forest 4
BOTTOM OF THE 4TH
Wake Forest Demon Deacons batting - Pitching for Illinois Fighting Illini : LHP José Vera
Batting: SHB José Salazar 0-0: Ball
1-0: Foul Ball, location: 2F
1-1: Ball
2-1: Reached via error on a dropped throw, E3
Batting: RHB Leonard Conway 0-0: Foul Ball, location: 2F
0-1: Ball
1-1: Foul Ball, location: 2F
1-2: Ball
2-2: SINGLE (Line Drive, 9LS)
José Salazar to second
Pitching: RHP Arnold Jacobson
Batting: RHB Felipe Costa 0-0: Ball
1-0: Ball
2-0: Ball
3-0: Called Strike
3-1: Grounds into double play, 5-4-3 (Groundball, 56)
José Salazar to third
Batting: RHB Ed Hamilton 0-0: Called Strike
0-1: Ball
1-1: Ground out 6-3 (Groundball, 6)
Bottom of the 4th over - 0 run(s), 1 hit(s), 1 error(s), 1 left on base; Illinois 0 - Wake Forest 4
TOP OF THE 5TH
Illinois Fighting Illini batting - Pitching for Wake Forest Demon Deacons : RHP Steve Pérez
Batting: RHB Alonso Durán 0-0: Called Strike
0-1: Foul Ball, location: 2F
0-2: Ball
1-2: Ball
2-2: Strikes out swinging
Batting: RHB Fernando Núñez 0-0: Ball
1-0: Ball
2-0: Called Strike
2-1: Foul Ball, location: 2F
2-2: Ground out 6-3 (Groundball, 6)
Batting: RHB Ryan Draper 0-0: Foul Ball, location: 2F
0-1: Swinging Strike
0-2: Strikes out looking
Top of the 5th over - 0 run(s), 0 hit(s), 0 error(s), 0 left on base; Illinois 0 - Wake Forest 4
BOTTOM OF THE 5TH
Wake Forest Demon Deacons batting - Pitching for Illinois Fighting Illini : RHP Arnold Jacobson
Batting: RHB Andrew Ford 0-0: Called Strike
0-1: Called Strike
0-2: Ball
1-2: Ball
2-2: Ball
3-2: Base on Balls
Batting: RHB Roger Blair 0-0: Foul Ball, location: 2F
0-1: Ball
1-1: Grounds into double play, 5-4-3 (Groundball, 56D)
Batting: LHB Josh Domínguez 0-0: Ball
1-0: Called Strike
1-1: Foul Ball, location: 2F
1-2: Ground out U3 (Groundball, 34)
Bottom of the 5th over - 0 run(s), 0 hit(s), 0 error(s), 0 left on base; Illinois 0 - Wake Forest 4
TOP OF THE 6TH
Illinois Fighting Illini batting - Pitching for Wake Forest Demon Deacons : RHP Steve Pérez
Batting: SHB Stanley Ryan 0-0: Fly out, F8 (Flyball, 78M)
Batting: RHB Chris Carr 0-0: Ball
1-0: SINGLE (Line Drive, 6D)
Batting: RHB Jon Foster 0-0: Called Strike
Chris Carr steals 2nd base
0-1: Called Strike
Chris Carr is caught stealing 3rd base
0-2: Foul Ball, location: 2F
0-2: Ball
1-2: Strikes out swinging
Top of the 6th over - 0 run(s), 1 hit(s), 0 error(s), 0 left on base; Illinois 0 - Wake Forest 4
BOTTOM OF THE 6TH
Wake Forest Demon Deacons batting - Pitching for Illinois Fighting Illini : RHP Arnold Jacobson
Batting: SHB Dave Bell 0-0: Hit by Pitch
Pinch Runner at 1st Barry Pierce:
Batting: RHB Wilbert Bernard 0-0: Called Strike
0-1: TRIPLE (Line Drive, 8LS)
Barry Pierce scores
Batting: SHB José Salazar 0-0: Ball
1-0: Ball
2-0: Ground out 4-3 (Groundball, 4)
Wilbert Bernard scores
Batting: RHB Leonard Conway 0-0: Ball
1-0: Called Strike
1-1: Ground out 1-3 (Groundball, 13)
Batting: RHB Felipe Costa 0-0: Ball
1-0: Ball
2-0: Ball
3-0: Swinging Strike
3-1: Foul Ball, location: 2F
3-2: SINGLE (Groundball, 4MS) (infield hit)
Batting: RHB Ed Hamilton 0-0: Fly out, F8 (Flyball, 8RD)
Bottom of the 6th over - 2 run(s), 2 hit(s), 0 error(s), 1 left on base; Illinois 0 - Wake Forest 6
TOP OF THE 7TH
Illinois Fighting Illini batting - Pitching for Wake Forest Demon Deacons : RHP Steve Pérez
Now at C: Barry Pierce
Batting: RHB Benoît Vigneault 0-0: Called Strike
0-1: Ball
1-1: Called Strike
1-2: Foul Ball, location: 2F
1-2: Strikes out swinging
Batting: LHB John Miller 0-0: Ball
1-0: Foul Ball, location: 2F
1-1: Ball
2-1: Ball
3-1: Swinging Strike
3-2: Strikes out swinging
Batting: RHB Jesús Vélez 0-0: Called Strike
0-1: SINGLE (Groundball, 6MD)
Pitching: RHP Lloyd Jones
Batting: RHB Alonso Durán 0-0: Ball
1-0: Ball
2-0: Called Strike
2-1: Fly out, F9 (Flyball, 9LMF)
Top of the 7th over - 0 run(s), 1 hit(s), 0 error(s), 1 left on base; Illinois 0 - Wake Forest 6
BOTTOM OF THE 7TH
Wake Forest Demon Deacons batting - Pitching for Illinois Fighting Illini : RHP Arnold Jacobson
Batting: RHB Andrew Ford 0-0: Swinging Strike
0-1: Ball
1-1: Ball
2-1: Ball
3-1: Base on Balls
Batting: RHB Roger Blair 0-0: Fly out, F5 (Line Drive, 56)
Batting: LHB Josh Domínguez 0-0: Called Strike
0-1: Ball
1-1: Ball
2-1: Ball
3-1: Base on Balls
Andrew Ford to second
Batting: LHB Barry Pierce 0-0: Ball
1-0: Foul Ball, location: 2F
1-1: Ball
2-1: Foul Ball, location: 2F
2-2: Ball
3-2: Foul Ball, location: 2F
3-2: Base on Balls
Andrew Ford to third
Josh Domínguez to second
Batting: RHB Wilbert Bernard 0-0: Fly out, F7 (Flyball, 7)
Runner from 3rd tags up, SCORES, throw made
Pitching: LHP Alonso Medina
Batting: SHB José Salazar 0-0: Called Strike
0-1: Foul Ball, location: 2F
0-2: Ball
1-2: Strikes out swinging
Bottom of the 7th over - 1 run(s), 0 hit(s), 0 error(s), 2 left on base; Illinois 0 - Wake Forest 7
TOP OF THE 8TH
Illinois Fighting Illini batting - Pitching for Wake Forest Demon Deacons : RHP Lloyd Jones
Batting: RHB Fernando Núñez 0-0: Called Strike
0-1: Fly out, F8 (Flyball, 8RM)
Batting: RHB Ryan Draper 0-0: Foul Ball, location: 2F
0-1: Ball
1-1: Ball
2-1: Fly out, F8 (Flyball, 8RS)
Batting: SHB Stanley Ryan 0-0: Called Strike
0-1: Ball
1-1: Swinging Strike
1-2: Foul Ball, location: 2F
1-2: Strikes out looking
Top of the 8th over - 0 run(s), 0 hit(s), 0 error(s), 0 left on base; Illinois 0 - Wake Forest 7
BOTTOM OF THE 8TH
Wake Forest Demon Deacons batting - Pitching for Illinois Fighting Illini : LHP Alonso Medina
Batting: RHB Leonard Conway 0-0: Ball
1-0: Called Strike
1-1: Fly out, F2 (Popup, 25)
Batting: RHB Felipe Costa 0-0: Ball
1-0: Called Strike
1-1: Ball
2-1: Ball
3-1: Called Strike
3-2: Strikes out swinging
Batting: RHB Ed Hamilton 0-0: Called Strike
0-1: Ball
1-1: Called Strike
1-2: Strikes out swinging
Bottom of the 8th over - 0 run(s), 0 hit(s), 0 error(s), 0 left on base; Illinois 0 - Wake Forest 7
TOP OF THE 9TH
Illinois Fighting Illini batting - Pitching for Wake Forest Demon Deacons : RHP Lloyd Jones
Batting: RHB Chris Carr 0-0: Ball
1-0: Ground out 5-3 (Groundball, 56)
Batting: RHB Jon Foster 0-0: Ball
1-0: Fly out, F9 (Flyball, 9LM)
Batting: RHB Benoît Vigneault 0-0: Ball
1-0: Called Strike
1-1: Foul Ball, location: 2F
1-2: Ball
2-2: Foul Ball, location: 2F
2-2: Ground out 4-3 (Groundball, 4M)
Top of the 9th over - 0 run(s), 0 hit(s), 0 error(s), 0 left on base; Illinois 0 - Wake Forest 7
Thursday, March 30th, 2017 - OOTP Baseball 17.12 Build 75